 Dungeon Crawl Stone Soup version 0.25-a0-294-gea9b1ad (webtiles) character file.

Game seed: 8248464413475173440, levelgen mode: deterministic

1558 DUBB the Slasher (level 8, -3/62 HPs)
             Began as a Demonspawn Gladiator on Dec 11, 2019.
             Was a Believer of Trog.
             Slain by an orc warrior
             ... wielding a +0 hand axe
              (13 damage)
             ... on level 6 of the Dungeon on Dec 16, 2019.
             The game lasted 00:58:07 (3738 turns).

DUBB the Slasher (Demonspawn Gladiator)             Turns: 3738, Time: 00:58:08

Health: -3/62      AC: 15    Str: 16    XL:     8   Next: 58%
Magic:  8/8        EV:  1    Int: 11    God:    Trog [**....]
Gold:   249        SH: 15    Dex: 14    Spells: 7/7 levels left

rFire    + . .     SeeInvis .   a - +1 long sword
rCold    . . .     Gourm    .   q - +1 large shield
rNeg     . . .     Faith    .   b - +0 plate armour
rPois    .         Spirit   .   (helmet restricted)
rElec    .         Reflect  .   l - +1 cloak
rCorr    .         Harm     .   (no gloves)
MR       .....                  (no boots)
Stlth    ..........             (no amulet)
HPRegen  0.20/turn              n - ring of protection from fire
MPRegen  0.11/turn              (no ring)

@: no status effects
A: horns 1, iridescent scales 1, demonic guardian 1, powered by pain 2
a: Berserk, Trog's Hand, Renounce Religion


You were on level 6 of the Dungeon.
You worshipped Trog.
Trog was pleased with you.
You were not hungry.

You visited 1 branch of the dungeon, and saw 6 of its levels.

You collected 249 gold pieces.

Inventory:

Hand Weapons
 a - a +1 long sword (weapon)
 e - a cursed -3 short sword
 i - a +0 dagger
 k - a +0 dagger
 p - a +2 dagger of venom
 u - a +1 dagger of venom
 v - a +2 dagger of electrocution
 w - a +0 whip
Missiles
 d - 68 poisoned darts
 o - 92 bolts
 t - a throwing net (quivered)
Armour
 b - a +0 plate armour (worn)
 l - a +1 cloak (worn)
 q - a +1 large shield (worn)
Jewellery
 n - a ring of protection from fire (left hand)
Scrolls
 m - a scroll of teleportation
 r - a scroll of amnesia
Potions
 c - a potion of agility
 g - a potion of brilliance {unknown}
 j - a potion of curing
Comestibles
 f - 3 rations


   Skills:
 + Level 5.3 Fighting
 + Level 6.5 Long Blades
 - Level 1.7 Throwing
 * Level 3.9 Armour
 - Level 2.6 Dodging
 + Level 4.7 Shields


You had 7 spell levels left.
You didn't know any spells.
Your spell library was empty.

Dungeon Overview and Level Annotations

Branches:
Dungeon (6/15)
 Temple: D:4-7

Altars:
Ashenzari
Kikubaaqudgha
Trog
Uskayaw
The Shining One


Innate Abilities, Weirdness & Mutations

You have a pair of small horns on your head.
You are partially covered in iridescent scales. (AC +2)
A weak demonic guardian rushes to your aid.
You sometimes gain power by taking damage.


Message History

Your shield and plate armour prevent you from hitting the orc warrior.
You headbutt the orc warrior, but do no damage.
The orc warrior is almost dead.
A jackal comes into view.
The orc warrior hits you with a +0 hand axe!
* * * LOW HITPOINT WARNING * * *
The orc hits you but does no damage.
The jackal moves out of view.
You closely miss the orc warrior.
The orc warrior is almost dead.
You block the orc warrior's attack. The orc hits you but does no damage.
Your shield prevents you from hitting the orc warrior.
The orc warrior is almost dead.
The orc warrior hits you with a +0 hand axe.
* * * LOW HITPOINT WARNING * * *
You block the orc's attack.
Your plate armour prevents you from hitting the orc warrior.
Your headbutt misses the orc warrior.
The orc warrior is almost dead.
The orc warrior hits you with a +0 hand axe!
You die...

#.# #.#
##########†####..
.....>...).....F#
##########..#####
# ###.######
.###.#
#...[....###...._.
#....)..o#.%...#
#...†...@o.#
#.....)..###
#........#
#........#
#........#
##########


You could see an orc warrior and an orc.

Vanquished Creatures
  Pikel (D:4)
  An orc warrior (D:6)
  A phantom (D:6)
  An ogre (D:6)
  A howler monkey (D:4)
  A quasit (D:5)
  3 hounds
  A bullfrog skeleton (D:4)
  2 iguanas
  5 worker ants
  Natasha (D:2)
  6 orc wizards
  3 gnolls (D:6)
  5 adders
  An ooze (D:1)
  An adder zombie (D:5)
  5 dart slugs
  5 leopard geckos
  16 orcs
  7 bats
  2 giant cockroaches
  10 goblins
  9 hobgoblins
  7 jackals (D:1)
  13 kobolds
  3 quokkas
  4 frilled lizards
  2 leopard gecko skeletons
  3 quokka skeletons
  10 rats
130 creatures vanquished.

Vanquished Creatures (collateral kills)
  A bullfrog (D:6)
  A crimson imp (D:6)
  An orc wizard (D:5)
  2 worker ants (D:6)
5 creatures vanquished.

Vanquished Creatures (others)
  A plant (D:3)
1 creature vanquished.

Grand Total: 136 creatures vanquished

Notes
Turn   | Place    | Note
-------+----------+-------------------------------------------
     0 | D:1      | DUBB the Demonspawn Gladiator began the quest for the Orb.
     0 | D:1      | Reached XP level 1. HP: 16/16 MP: 1/1
   170 | D:1      | Gained mutation: You have a pair of small horns on your
                  | head. [demonic ancestry]
   170 | D:1      | Reached XP level 2. HP: 23/23 MP: 2/2
   373 | D:1      | Gained mutation: You sometimes gain a little power by
                  | taking damage. [demonic ancestry]
   373 | D:1      | Reached XP level 3. HP: 28/29 MP: 3/3
   759 | D:2      | Gained mutation: You sometimes gain power by taking damage.
                  | [demonic ancestry]
   759 | D:2      | Reached XP level 4. HP: 33/37 MP: 4/4
   944 | D:2      | Reached skill level 3 in Long Blades
  1015 | D:2      | Noticed Natasha
  1040 | D:2      | Killed Natasha
  1040 | D:2      | Reached skill level 1 in Armour
  1183 | D:3      | Found a bloodstained altar of Trog.
  1242 | D:3      | Became a worshipper of Trog the Wrathful
  1430 | D:3      | Reached XP level 5. HP: 39/42 MP: 5/5
  1700 | D:4      | Reached skill level 1 in Shields
  1875 | D:4      | Found a glowing golden altar of the Shining One.
  1942 | D:4      | Reached skill level 4 in Long Blades
  1942 | D:4      | Reached XP level 6. HP: 20/49 MP: 6/6
  2010 | D:4      | Reached * piety under Trog
  2093 | D:4      | Noticed a slave
  2094 | D:4      | Noticed Pikel
  2094 | D:4      | Noticed a slave
  2094 | D:4      | Noticed a slave
  2095 | D:4      | Noticed a slave
  2129 | D:4      | Killed Pikel
  2129 | D:4      | Reached skill level 5 in Long Blades
  2129 | D:4      | Gained mutation: A weak demonic guardian rushes to your
                  | aid. [demonic ancestry]
  2129 | D:4      | Reached XP level 7. HP: 26/55 MP: 7/7
  2465 | D:4      | Upgraded the game from 0.25-a0-283-ge7e91ba to
                  | 0.25-a0-285-gcba6f66
  2466 | D:5      | Entered Level 5 of the Dungeon
  2474 | D:5      | Found a shattered altar of Ashenzari.
  2527 | D:5      | Found an ancient bone altar of Kikubaaqudgha.
  2643 | D:5      | Reached skill level 5 in Fighting
  2695 | D:5      | Gained mutation: You are partially covered in iridescent
                  | scales. (AC +2) [demonic ancestry]
  2695 | D:5      | Reached XP level 8. HP: 56/62 MP: 8/8
  2738 | D:5      | Upgraded the game from 0.25-a0-285-gcba6f66 to
                  | 0.25-a0-287-g56a5b49
  2979 | D:5      | Upgraded the game from 0.25-a0-287-g56a5b49 to
                  | 0.25-a0-294-gea9b1ad
  2989 | D:5      | Reached ** piety under Trog
  3533 | D:6      | Reached skill level 6 in Long Blades
  3713 | D:6      | Found a hide-covered altar of Uskayaw.
  3738 | D:6      | Slain by an orc warrior

Levels and vault maps discovered:
D:1:      ncdulo_smallfort, layout_rooms, minmay_3d_cube
D:2:      layout_rooms, kennysheep_generic_room_10, uniq_natasha
D:3:      layout_basic, chequers_ecumenical_altar_lobes, trog_hazing_becter
D:4:      layout_loops_corners, nicolae_tso_carved_into_rock, uniq_pikel
D:5:      layout_layer_cave, kiku_gazebo_pond_becter, ashenzari_altar_1,
          first_ration, minmay_a_box_with_orc_wizards_in_it
D:6:      layout_rooms, lemuel_crystal_altar, due_unseen_surprise

Skill      XL: |  1  2  3  4  5  6  7  8 |
---------------+-------------------------+-----
Fighting       | 3 4 5 |  5.3
Long Blades    | 3 4 5 6 |  6.5
Armour         | 1 2 3 |  3.9
Shields        | 1 3 4 |  4.7
Throwing       | |  1.7
Dodging        | |  2.6

Action                   |  1- 3 |  4- 6 |  7- 9 || total
-------------------------+-------+-------+-------++-------
Melee: Long sword        |    84 |   157 |   234 ||   475
       Headbutt          |    11 |    29 |    48 ||    88
Throw: Throwing net      |     4 |       |       ||     4
  Use: Scroll            |     6 |     5 |     3 ||    14
       Potion            |       |    11 |     1 ||    12
 Stab: Distracted        |       |       |     2 ||     2
  Eat: Ration            |       |     2 |     1 ||     3
Armor: Chain mail        |    57 |   119 |    97 ||   273
       Leather armour    |     1 |       |       ||     1
       Plate armour      |       |       |    10 ||    10
Dodge: Dodged            |    53 |    28 |    26 ||   107
Block: Large shield      |       |    82 |   185 ||   267
       Rpst.: Long sword |    13 |    11 |     5 ||    29

Table legend:
 A = Non-vault XP
 B = Vault XP
 C = Vault XP percentage of total XP
 D = Non-vault monster count
 E = Vault monster count
 F = Vault count percentage of total count
                 A         B        C        D         E       F
            +---------+---------+-------+---------+---------+-------
      Total |    1305 |     921 |  41.4 |     119 |      16 |  11.9
            +---------+---------+-------+---------+---------+-------
        D:1 |      73 |       3 |   3.9 |      32 |       2 |   5.9
        D:2 |      34 |      48 |  58.5 |      13 |       2 |  13.3
        D:3 |      54 |      10 |  15.6 |      20 |       6 |  23.1
        D:4 |     251 |     673 |  72.8 |      15 |       1 |   6.2
        D:5 |     250 |     187 |  42.8 |      21 |       5 |  19.2
        D:6 |     643 |       0 |   0.0 |      18 |       0 |   0.0
            +---------+---------+-------+---------+---------+-------
